 Dungeon Crawl Stone Soup version 0.31-a0-806-g0bc164a743 (webtiles) character file.

Game seed: 10164958416044222479

573 hikkokomori the Digger (level 7, 0/41 HPs)
             Began as a Gargoyle Earth Elementalist on Sept 20, 2023.
             Killed by divine providence
             ... invoked by an orc priest
              (10 damage)
             ... on level 5 of the Dungeon.
             The game lasted 00:05:10 (3576 turns).

hikkokomori the Digger (GrEE)                       Turns: 3576, Time: 00:05:11

Health: 0/41       AC:  9    Str: 17    XL:     7   Next: 34%
Magic:  4/12       EV: 11    Int: 18    God:
Gold:   305        SH:  0    Dex: 10    Spells: 9/13 levels left

rFire   . . .        i - +2 short sword (protect)
rCold   . . .        (no shield)
rNeg    + . .        n - +2 leather armour {rPois}
rPois   ∞            (no helmet)
rElec   +            (no cloak)
rCorr   .            (no gloves)
SInv    +            (no boots)
Will    .....        (no amulet)
Stlth   ++           p - ring of see invisible
HPRegen 0.26/turn    v - +6 ring of strength
MPRegen 0.13/turn

%: no passive effects
@: very slightly contaminated
A: sickness immunity, AC +4, negative energy resistance 1, electricity
resistance, torment resistance 1, petrification resistance
a: no special abilities


You were on level 5 of the Dungeon.
You visited 1 branch of the dungeon, and saw 5 of its levels.

You collected 305 gold pieces.

Inventory:

Hand Weapons
 e - a +0 war axe
 i - a +2 short sword of protection (weapon)
Missiles
 h - 4 javelins
Armour
 a - a +0 robe
 n - a +2 leather armour of poison resistance (worn)
Magical Staves
 d - a staff of conjuration
Jewellery
 p - a ring of see invisible (left hand)
 q - a ring of fire
 r - a ring of protection from fire
 v - a +6 ring of strength (right hand)
Wands
 s - a wand of quicksilver (8)
Scrolls
 c - 2 scrolls of vulnerability {unknown}
 f - 6 scrolls of identify {unknown}
 l - 2 scrolls of immolation {unknown}
 m - a scroll of silence {unknown}
 t - a scroll of fear {unknown}
 u - a scroll of enchant armour {unknown}
Potions
 b - 2 potions of magic
 g - 2 potions of curing
 j - a potion of heal wounds {unknown}
 k - a potion of enlightenment {unknown}
 o - 2 potions of invisibility {unknown}
 w - 2 potions of mutation {unknown}


   Skills:
 + Level 3.5 Fighting
 - Level 1.5 Dodging
 + Level 4.6 Stealth
 + Level 3.6 Spellcasting
 + Level 3.0 Conjurations
 - Level 0.7 Transmutations
 + Level 5.4 Earth Magic


You had 9 spell levels left.
You knew the following spells:

 Your Spells              Type           Power      Damage    Failure   Level
a - Sandblast             Erth           44%        2d11      1%          1
b - Stone Arrow           Conj/Erth      36%        3d9       10%         3

Your spell library contained the following spells:

 Spells                   Type           Power      Damage    Failure   Level
 Passwall                 Tmut/Erth      11%        N/A       8%          2
 Brom's Barrelling Bould  Conj/Erth      18%        2d4       32%         4
 Petrify                  Tmut/Erth      14%        N/A       45%         4
 Iskenderun's Battlesphe  Conj           14%        2d7       83%         5
 Fireball                 Conj/Fire      4%         3d4       95%         5
 Conjure Ball Lightning   Conj/Air       4%         3x3d6     100%        6
 Haunt                    Necr/Summ      1%         N/A       100%        7
 Orb of Destruction       Conj           7%         9d6       100%        7
 Borgnjor's Revivificati  Necr           1%         N/A       100%        8
 Death's Door             Necr           1%         N/A       100%        9


Dungeon Overview and Level Annotations

Branches:
Dungeon (5/15)
 Temple: D:4-7

Altars:

Shops:
D:4 (

Annotations:
D:3 Sigmund


Innate Abilities, Weirdness & Mutations

You are immune to sickness and miasma.
Your stone body is resilient. (AC +4)
You are immune to poison.
You resist negative energy. (rN+)
You are resistant to electric shocks. (rElec)
You are resistant to unholy torment.
You are immune to petrification.


Message History

The blast of sand misses the orc.
The orc priest shouts!
The blast of sand hits the orc!
You kill the orc!
The orc priest mumbles some strange prayers to Beogh against you.
Beogh smites you!
The blast of sand misses the orc priest.
You miscast Sandblast.
You are very lightly contaminated with residual magic.
Nothing appears to happen.
The blast of sand misses the orc priest.
The blast of sand hits the orc priest.
The orc priest is moderately wounded.
The orc priest calls down the wrath of Beogh upon you.
Beogh smites you!
The orc priest hits you but does no damage.
The orc priest hits you with a +0 club.
* * * LOW HITPOINT WARNING * * *
Casting: Sandblast (safe; 1% risk of failure)
Confirm with . or Enter, or press ? or * to list all spells.
Aiming: Sandblast (safe; 1% risk of failure)
Press: ? - help, Shift-Dir - straight line, f/p - orc priest
Aim: an orc priest, wielding a +0 hand axe and wearing a +0 ring mail (85% to hit)
The blast of sand hits the orc priest!
The orc priest is severely wounded.
The orc priest barely misses you. The orc priest closely misses you.
Casting: Sandblast (safe; 1% risk of failure)
Confirm with . or Enter, or press ? or * to list all spells.
Aiming: Sandblast (safe; 1% risk of failure)
Press: ? - help, Shift-Dir - straight line, f/p - orc priest
Aim: an orc priest, wielding a +0 hand axe and wearing a +0 ring mail (severely wounded, 85% to hit)
The blast of sand hits the orc priest but does no damage.
The orc priest is severely wounded.
The orc priest hits you but does no damage.
The orc priest hits you with a +0 hand axe.
* * * LOW HITPOINT WARNING * * *
The orc priest hits you but does no damage.
The orc priest invokes the aid of Beogh against you.
Beogh smites you!
You die...

#+##...##########
##.............#
...............#
....)........).#
...............#
...............#
...............#
...............#
...$.....@.....#
.........oo....#
...........)...<.
...............##
..........).)..#
...............#
..............#
.............#


You could see 2 orc priests.

Vanquished Creatures
  An ogre (D:5)
  A centaur (D:5)
  2 scorpions (D:4)
  A jelly (D:4)
  2 sleepcaps (D:4)
  Jessica (D:2)
  2 orc wizards
  5 adders
  A worm (D:4)
  10 orcs
  8 ball pythons
  7 endoplasms
  10 goblins
  6 hobgoblins
  8 kobolds
  8 quokkas
  3 bats
  2 frilled lizards
  6 rats
84 creatures vanquished.

Notes
Turn   | Place    | Note
-------+----------+-------------------------------------------
     0 | D:1      | hikkokomori the Gargoyle Earth Elementalist began the quest
                  | for the Orb.
     0 | D:1      | Reached XP level 1. HP: 10/10 MP: 3/3
   255 | D:1      | Reached XP level 2. HP: 15/16 MP: 1/5
   627 | D:1      | Reached skill level 1 in Fighting
   819 | D:1      | Reached skill level 4 in Earth Magic
   867 | D:1      | Reached XP level 3. HP: 20/20 MP: 6/6
  1115 | D:1      | Learned a level 3 spell: Stone Arrow
  1345 | D:2      | Reached XP level 4. HP: 25/25 MP: 5/7
  1799 | D:2      | Noticed Jessica
  1804 | D:2      | Killed Jessica
  1805 | D:2      | Reached skill level 1 in Conjurations
  2108 | D:3      | Reached XP level 5. HP: 30/30 MP: 5/9
  2508 | D:3      | Noticed Sigmund
  2666 | D:4      | Found Otehol's Antique Weapon Shop.
  2796 | D:4      | Reached XP level 6. HP: 36/36 MP: 3/10
  2816 | D:4      | Reached skill level 5 in Earth Magic
  3389 | D:5      | Entered Level 5 of the Dungeon
  3404 | D:5      | Reached XP level 7. HP: 12/41 MP: 7/12
  3576 | D:5      | Killed from afar by an orc priest

Illustrated notes

Levels and vault maps discovered:
D:1:      tarquinn_simple_flora_water_a, layout_loops_corners
D:2:      layout_basic, kennysheep_another_room,
          wander_ebering_terrifying_dragon_lair, uniq_jessica
D:3:      layout_basic, serial_shops, nicolae_square_shop, uniq_sigmund
D:4:      kb_forest_paths, layout_rooms, serial_shops, shop_statue
D:5:      layout_basic, okawaru_altar_gauntlet_db, lemuel_tele_altar,
          minmay_temple_entry_offerings, minmay_divided_ellipse

Skill      XL: |  1  2  3  4  5  6  7 |
---------------+----------------------+-----
Fighting       | 1 2 3 |  3.5
Earth Magic    | 4 5 |  5.4
Stealth        | 3 4 |  4.6
Conjurations   | 1 2 3 |  3.0
Spellcasting   | 3 |  3.6
Dodging        | |  1.5
Transmutations | |  0.7

Action                     |  1- 3 |  4- 6 |  7- 9 || total
---------------------------+-------+-------+-------++-------
  Melee: Staff             |    14 |       |       ||    14
         Short sword       |    12 |    39 |       ||    51
   Cast: Sandblast         |    40 |    78 |     8 ||   126
         Stone Arrow       |       |       |     2 ||     2
    Use: Potion            |       |     1 |       ||     1
   Stab: Sleeping          |       |     1 |       ||     1
 Armour: Robe              |    26 |    21 |       ||    47
         Leather armour    |       |    37 |     5 ||    42
  Dodge: Dodged            |    34 |    45 |     2 ||    81

Table legend: (Time is in decaauts)
 A = Elapsed time spent in this place.
 B = Non-inter-level travel time spent in this place.
 C = Inter-level travel time spent in this place.
 D = Time resting spent in this place.
 E = Time spent auto-exploring this place.
 F = Levels seen in this place.
 G = Mean time per level.
                   A        B        C        D        E       F      G
               +--------+--------+--------+--------+--------+-----+--------+
         Total |   3637 |   3552 |     85 |    186 |   2806 |   5 |  727.4 |
       Dungeon |   3637 |   3552 |     85 |    186 |   2806 |   5 |  727.4 |
               +--------+--------+--------+--------+--------+-----+--------+

Top non-repeatable levels by time:
     D:1: 1163 daAuts
     D:2: 949 daAuts
     D:4: 867 daAuts
     D:3: 465 daAuts
     D:5: 192 daAuts
